 Seeded DCSS version 0.29.1-15-g9cfb28693d (webtiles) character file.

Game seed: 11721550145171638735 (custom seed)

3554672 Twinkles the Conqueror (level 27, 249/249 HPs)
             Began as a Vampire Brigand on May 24, 2023.
             Was an Elder of Wu Jian.
             Escaped with the Orb
             ... and 5 runes on May 28, 2023!
             The game lasted 04:31:22 (59822 turns).

Twinkles the Conqueror (Vampire Brigand)           Turns: 59822, Time: 04:31:22

Health: 249/249    AC: 26    Str: 12    XL:     27
Magic:  47/47      EV: 34    Int: 15    God:    Wu Jian [****..]
Gold:   3548       SH:  0    Dex: 31    Spells: 18/56 levels left

rFire   + . .      SeeInvis +   a - +12 pair of quick blades "Gyre" and "Gimble" {protect}
rCold   x . .      Faith    .   (shield currently unavailable)
rNeg    . . .      Spirit   +   b - +4 moon troll leather armour {Spirit, Regen++ MP+5}
rPois   +          Reflect  .   O - +2 helmet
rElec   +          Harm     .   u - +2 cloak {Stlth+}
rCorr   .          Rampage  .   W - +1 pair of gloves "Hibbaetz" {Dex+3 Stlth+}
Will    ++...                   v - +2 pair of boots {Stlth+}
Stlth   +++++.....              n - amulet of Vitality {RegenMP++ Regen++}
HPRegen 3.91/turn               l - ring "Tyokh" {Drain rPois AC+4 Slay+4 Stlth+}
MPRegen 1.10/turn               i - ring "Ceutwups" {Fire rElec Str+2}

@: healing quickly, studying 3 skills
A: alive, fangs 3, see invisible, vampiric 2, claws 1, iridescent scales 1,
subdued magic 1
0: Orb of Zot
}: 5/15 runes: decaying, serpentine, slimy, silver, abyssal
a: Exsanguinate, Renounce Religion, Wall Jump, Serpent's Lash


You escaped.
You worshipped Wu Jian.
Wu Jian was greatly pleased with you.
You visited 13 branches of the dungeon, and saw 57 of its levels.
You visited the Abyss 2 times.
You also visited: Wizlab.

You collected 9640 gold pieces.
You spent 6092 gold pieces at shops.

Inventory:

Hand Weapons
 a - the +12 pair of quick blades "Gyre" and "Gimble" (weapon) {protect}
   (You found it on level 7 of the Dungeon)

   It grants its wielder temporary protection when it strikes (+7 to AC).
Missiles
 d - 44 poisoned darts (quivered)
 e - 23 curare-tipped darts
 V - 3 throwing nets
Armour
 b - the +4 moon troll leather armour (worn) {Spirit, Regen++ MP+5}
   (You took it off a moon troll in a wizard's laboratory)

   MP:        It affects your magic capacity (+5).
   Regen:     It increases your rate of health regeneration.
 h - a scarf of repulsion
 u - a +2 cloak of stealth (worn)
 v - a +2 pair of boots of stealth (worn)
 O - a +2 helmet (worn)
 W - the +1 pair of gloves "Hibbaetz" (worn) {Dex+3 Stlth+}
   (You acquired it on level 1 of the Vaults)

   Dex:       It affects your dexterity (+3).
   Stlth:     It makes you more stealthy.
Jewellery
 i - the ring "Ceutwups" (right hand) {Fire rElec Str+2}
   (You found it in a wizard's laboratory)

   [ring of fire]

   It enhances your fire magic.
   Str:       It affects your strength (+2).
   rF:        It protects you from fire.
   rC:        It makes you vulnerable to cold.
   rElec:     It insulates you from electricity.
 l - the ring "Tyokh" (left hand) {Drain rPois AC+4 Slay+4 Stlth+}
   (You found it on level 11 of the Dungeon)

   [ring of protection]

   AC:        It affects your AC (+4).
   Slay:      It affects your accuracy & damage with ranged weapons and melee
   (+4).
   rPois:     It protects you from poison.
   Drain:     It drains your maximum health when unequipped.
   Stlth:     It makes you more stealthy.
 m - the ring of Day {rF+ rC+ rN+ Will+}
   (You bought it in a shop on level 3 of the Elven Halls)

   [ring of protection from cold]

   rF:        It protects you from fire.
   rC:        It protects you from cold.
   rN:        It protects you from negative energy.
   Will:      It increases your willpower.
 n - the amulet of Vitality (around neck) {RegenMP++ Regen++}
   (You found it on level 2 of the Dungeon)

   [amulet of magic regeneration]

   It increases your rate of magic regeneration.
   Regen:     It increases your rate of health regeneration.
 B - the amulet "Qovid" {rF+ Will+ Regen+ rCorr}
   (You found it on level 5 of the Vaults)

   [amulet of regeneration]

   rF:        It protects you from fire.
   Regen:     It increases your rate of health regeneration.
   rCorr:     It protects you from acid and corrosion.
   Will:      It increases your willpower.
 X - the ring "Qomayt" {Fly rPois Str+6 Dex-4 Stlth-}
   (You took it off a tengu warrior on level 1 of the Depths)

   [ring of flight]

   Str:       It affects your strength (+6).
   Dex:       It affects your dexterity (-4).
   rPois:     It protects you from poison.
   Fly:       It grants you flight.
   Stlth:     It makes you less stealthy.
Wands
 c - a wand of polymorph (34)
 p - a wand of mindburst (17)
 w - a wand of paralysis (49)
 y - a wand of digging (8)
 J - a wand of flame (9)
 K - a wand of quicksilver (9)
 Y - a wand of roots (30)
Scrolls
 g - 9 scrolls of poison
 k - 24 scrolls of teleportation
 t - 5 scrolls of silence
 A - 9 scrolls of vulnerability
 C - 4 scrolls of summoning
 H - 8 scrolls of fear
 I - 7 scrolls of blinking
 L - 11 scrolls of fog
Potions
 f - 5 potions of flight
 o - 7 potions of magic
 r - 20 potions of curing
 s - 12 potions of resistance
 x - 8 potions of invisibility
 D - 10 potions of haste
 F - 12 potions of heal wounds
 M - 7 potions of attraction
 N - 6 potions of lignification
 P - 6 potions of berserk rage
 R - 10 potions of might
 S - 2 potions of cancellation
 T - 10 potions of mutation
Miscellaneous
 j - a tin of tremorstones (2/2)
 q - the horn of Geryon
 z - a phial of floods
 E - a phantom mirror
 G - a box of beasts
 Q - a condenser vane


   Skills:
 O Level 27 Fighting
 - Level 8.2 Short Blades
 - Level 5.2 Throwing
 - Level 5.0 Armour
 - Level 20.0 Dodging
 - Level 24.6 Stealth
 - Level 2.0 Shields
 - Level 15.0 Spellcasting
 - Level 14.1 Summonings
 + Level 23.1 Necromancy
 - Level 10.7 Earth Magic
 - Level 14.3 Evocations


You had 18 spell levels left.
You knew the following spells:

 Your Spells              Type           Power      Damage    Failure   Level
a - Borgnjor's Vile Clut  Necr/Erth      23%        N/A       1%          5
b - Dispel Undead         Necr           58%        3d21      0%          4
c - Death Channel         Necr           29%        N/A       1%          6
d - Apportation           Tloc           16%        N/A       6%          1
e - Lee's Rapid Deconstr  Erth           16%        3d11*     1%          5
f - Haunt                 Necr/Summ      25%        N/A       2%          7
g - Infestation           Necr           29%        N/A       2%          8
h - Blink                 Tloc           16%        N/A       9%          2

Your spell library contained the following spells:

 Spells                   Type           Power      Damage    Failure   Level
 Necrotise                Necr           100%       1d9       0%          1
 Summon Small Mammal      Summ           100%       N/A       0%          1
 Sublimation of Blood     Necr           58%        N/A       0%          2
 Vampiric Draining        Necr           58%        2d10      0%          3
 Animate Dead             Necr           58%        N/A       0%          4
 Agony                    Necr           58%        N/A       0%          5
 Call Canine Familiar     Summ           41%        N/A       1%          3
 Summon Guardian Golem    Hex/Summ       24%        N/A       1%          3
 Anguish                  Hex/Necr       17%        N/A       1%          4
 Animate Armour           Summ/Erth      74%        N/A       1%          4
 Corpse Rot               Necr/Pois/Air  26%        N/A       2%          4
 Summon Cactus Giant      Summ           20%        N/A       2%          6
 Summon Ice Beast         Ice/Summ       24%        N/A       3%          4
 Summon Lightning Spire   Summ/Air       24%        N/A       3%          4
 Beastly Appendage        Tmut           16%        N/A       6%          1
 Foxfire                  Conj/Fire      48%        2x1d6     6%          1
 Freeze                   Ice            32%        1d5       6%          1
 Magic Dart               Conj           32%        1d4       6%          1
 Shock                    Conj/Air       32%        1d5       6%          1
 Slow                     Hex            32%        N/A       6%          1
 Sting                    Tmut/Pois      32%        1d4       6%          1
 Leda's Liquefaction      Hex/Erth       10%        N/A       7%          4
 Simulacrum               Ice/Necr       17%        N/A       8%          6
 Searing Ray              Conj           16%        2d5       9%          2
 Static Discharge         Conj/Air       8%         3-4/arc   9%          2
 Wereblood                Tmut           8%         N/A       9%          2
 Summon Forest            Summ/Tloc      12%        N/A       10%         5
 Summon Mana Viper        Hex/Summ       24%        N/A       10%         5
 Monstrous Menagerie      Summ           20%        N/A       16%         7
 Summon Hydra             Summ           20%        N/A       16%         7
 Confusing Touch          Hex            8%         N/A       19%         3
 Conjure Flame            Conj/Fire      12%        6-21      19%         3
 Dazzling Flash           Conj/Hex       16%        N/A       19%         3
 Frozen Ramparts          Ice            16%        1d3       19%         3
 Inner Flame              Hex/Fire       12%        N/A       19%         3
 Lesser Beckoning         Tloc           8%         N/A       19%         3
 Ozocubu's Armour         Ice            8%         N/A       19%         3
 Spider Form              Tmut/Pois      8%         N/A       19%         3
 Swiftness                Air            8%         N/A       19%         3
 Tukima's Dance           Hex            8%         N/A       19%         3
 Airstrike                Air            4%         2d(1-17)  54%         4
 Cause Fear               Hex            4%         N/A       54%         4
 Flame Wave               Conj/Fire      12%        2d6       54%         4
 Fulminant Prism          Conj/Hex       4%         3d6       54%         4
 Hailstorm                Conj/Ice       8%         3d4       54%         4
 Ice Form                 Ice/Tmut       8%         N/A       54%         4
 Passage of Golubria      Tloc           8%         N/A       54%         4
 Sticky Flame             Conj/Fire      12%        2d4       54%         4
 Statue Form              Tmut/Erth      14%        N/A       73%         6
 Alistair's Intoxication  Tmut/Pois      5%         N/A       88%         5
 Blade Hands              Tmut           4%         N/A       88%         5
 Fireball                 Conj/Fire      6%         3d5       88%         5
 Irradiate                Conj/Tmut      4%         3d13      88%         5
 Iskenderun's Battlesphe  Conj           8%         2d6       88%         5
 Manifold Assault         Tloc           8%         N/A       88%         5
 Metabolic Englaciation   Hex/Ice        4%         N/A       88%         5
 Silence                  Hex/Air        4%         N/A       88%         5
 Yara's Violent Unravell  Hex/Tmut       4%         3d4       88%         5
 Conjure Ball Lightning   Conj/Air       4%         3x3d6     100%        6
 Dispersal                Tloc           4%         N/A       100%        6
 Eringya's Noxious Bog    Tmut/Pois      4%         N/A       100%        6
 Starburst                Conj/Fire      6%         6d4       100%        6
 Dragon Form              Tmut           4%         N/A       100%        7
 Enfeeble                 Hex            4%         N/A       100%        7
 Orb of Destruction       Conj           4%         9d5       100%        7
 Ozocubu's Refrigeration  Ice            4%         4d8       100%        7
 Storm Form               Tmut/Air       4%         N/A       100%        7
 Discord                  Hex            4%         N/A       100%        8
 Disjunction              Tloc           4%         N/A       100%        8
 Ignition                 Fire           6%         3d4       100%        8
 Lehudib's Crystal Spear  Conj/Erth      10%        10d4      100%        8
 Chain Lightning          Conj/Air       4%         3d5       100%        9
 Dragon's Call            Summ           20%        N/A       100%        9
 Fire Storm               Conj/Fire      6%         8d2       100%        9
 Shatter                  Erth           16%        3d16*     100%        9
 Borgnjor's Revivificati  Necr           Unusable   N/A       N/A         8

Dungeon Overview and Level Annotations

Branches:
Dungeon (15/15)            Temple (1/1) D:4            Lair (5/5) D:9
  Swamp (4/4) Lair:2        Snake (4/4) Lair:3        Slime (5/5) Lair:5
    Orc (2/2) D:12            Elf (3/3) Orc:2        Vaults (5/5) D:14
  Crypt (3/3) Vaults:3       Tomb (0/3) Crypt:3      Depths (4/4) D:15
   Hell (visited)             Dis (0/7) Hell            Geh (0/7) Hell
    Coc (0/7) Hell            Tar (0/7) Hell            Zot (5/5) Depths:4
 WizLab (visited)

Altars:
Ashenzari
Cheibriados
Dithmenos
Fedhas
Gozag
Hepliaklqana
Kikubaaqudgha
Makhleb
Nemelex Xobeh
Okawaru
Qazlal
Ru
Sif Muna
Trog
Uskayaw
Vehumet
Wu Jian
Xom
Yredelemnul
Jiyva
Lugonu

Shops:
D:12 *   D:15 *   Orc:2 (![!   Elf:2 (   Elf:3 :=::   Snake:2 =   Snake:4 (=*
Vaults:1 ?   Vaults:3 ?   Vaults:4 :   Vaults:5 !??   Depths:2 =

Portals:
Hell: Lair:5 Depths:1 Depths:2 Depths:3 Depths:4
Abyss: Depths:3 Depths:4
Pandemonium: Depths:2 Depths:4
Ziggurat: Depths:3

Annotations:
D:4 2 runed translucent doors, Silvore's ghost, amateur MiFi
D:9 3 runed translucent doors, bnorton916's ghost, novice GrEE
D:10 exclusion: door
Swamp:2 Doddyp's ghost, adept HOBe
Depths:4 exclusions: 2 draconian stormcallers and 2 more exclusions
Hell exclusion: ice statue
Zot:3 exclusions: draconian stormcaller and 2 more exclusions


Innate Abilities, Weirdness & Mutations

Your natural rate of healing is accelerated.
You have razor-sharp teeth.
You have supernaturally acute eyesight. (SInv)
You are afflicted with vampirism and can become a bat while bloodless.
You have sharp fingernails.
You are partially covered in iridescent scales. (AC +2)
Your spells are a little easier to cast, but a little less powerful.


Message History

There is a stone staircase leading down here.
The heavenly storm settles.
(D) Dungeon (T) Temple (L) Lair (S) Swamp (P) Snake Pit (M) Slime Pits (O) Orcish Mines (E) Elven Halls (V) Vaults (C) Crypt (W) Tomb (U) Depths (H) Hell (I) Dis (G) Gehenna (X) Cocytus (Y) Tartarus (Z) Zot
Where to? (Enter - D:1 @ (x,y), ? - help)
What level of the Dungeon? (default 1, ? - help)
You see here a +0 ring mail.
There is a stone staircase leading up here.
You climb upwards.
There is a stone staircase leading down here.
There is a stone staircase leading up here.
You climb upwards.
There is a stone staircase leading down here.
There is an open door here.
There is an open door here.
There is a staircase leading out of the dungeon here.
(D) Dungeon (T) Temple (L) Lair (S) Swamp (P) Snake Pit (M) Slime Pits (O) Orcish Mines (E) Elven Halls (V) Vaults (C) Crypt (W) Tomb (U) Depths (H) Hell (I) Dis (G) Gehenna (X) Cocytus (Y) Tartarus (Z) Zot
Where to? (Enter - D:1 @ (x,y), ? - help)
What level of the Dungeon? (default 1, ? - help) You're already here!
Really quaff the potion of mutation?
You feel extremely strange.
You feel stronger.
You feel stable.
Unknown command.
Really quaff the potion of mutation?
You feel extremely strange.
You feel less energetic.
Your magic regains its normal vibrancy.
You no longer become unable to drink potions after taking damage.
Your fingernails lengthen.
Your connection to magic feels subdued.
Iridescent scales grow over part of your body.
Unknown command.
Unknown command.
You have escaped!

#.#.#...........................#
.#_#............................#
#.#.#.......................#.###
.#.#........###...........###.###
.......).######.......###.###...#
########.#....#..............#...
#.#....#........##.##.#.##
##.###'##........##.##.#.#
#######>.###.##.@......##......#
.........##.###>..........##.#.#
#..###...##># #........##.##.#.##
.........#'## #'###..........#(..
#..###..#...# #.###.....#.......#
#..###..#...# ##.##.....#.##.##.#
............# #.###......##.##.#
#######.....####'###.#.#..##..#.#
#.#...##....#...###.###.#.#


There were no monsters in sight!

Vanquished Creatures
  4 dread liches
  3 orbs of fire (Zot:5)
  4 ancient liches
  Mara (Depths:1)
  A juggernaut (Zot:1)
  The ghost of Nyubb the Impregnable, a veteran MiGl of Hepliaklqana (Crypt:3)
  9 Killer Klowns
  Parghit (Zot:3)
  A golden dragon (Zot:2)
  2 curse toes
  Nikola (Elf:3)
  Geryon (Hell)
  Xtahua (Vaults:3)
  3 bone dragons
  4 electric golems
  A Tzitzimitl (D:11)
  A hellephant (Abyss:2)
  Zenata (Vaults:4)
  A walking earthen tome (Depths:2)
  Jorgrun (D:12)
  18 tentacled monstrosities
  5 liches
  23 Orb Guardians
  8 quicksilver dragons
  4 deep elf blademasters
  A moon troll (WizLab)
  The ghost of Fuxaofaz the Slayer, an adept MiFi of Okawaru (Swamp:3)
  4 titans
  2 deep elf master archers (Elf:3)
  16 acid blobs
  2 Executioners
  9 ancient champions
  11 tentacled starspawn
  7 shadow dragons
  12 death cobs
  Kirke (Snake:1)
  4 sphinxes
  9 storm dragons
  2 thorn hunters (Swamp:4)
  A fenstrider witch (Swamp:3)
  A tengu reaver (Vaults:5)
  A revenant (Crypt:3)
  3 draconian knights
  2 demonspawn warmongers (D:5)
  7 nagarajas
  9 azure jellies
  3 fire giants
  7 rockslimes
  The ghost of Qemahefa the Bludgeoner, an adept GrFi of Okawaru (Swamp:3)
  5 frost giants
  6 draconian monks
  A ghost moth (shapeshifter) (Vaults:5)
  12 vault wardens
  3 draconian shifters
  3 iron dragons
  4 draconian scorchers
  2 balrugs
  7 cacodemons
  Louise (Swamp:3)
  3 deep elf elementalists (Elf:3)
  19 ironbound preservers
  Aizul (Snake:1)
  4 ghost moths
  4 spriggan defenders (Depths:4)
  13 deep elf sorcerers
  3 orc warlords
  5 ghouls
  2 curse skulls (Crypt:2)
  7 quicksilver oozes
  17 stone giants
  The ghost of Jacimip the Whirler, a journeyman HaHu of Okawaru (Swamp:3)
  21 very ugly things
  The ghost of Brasilia the Gelid, an adept FeWn of Vehumet (Vaults:2)
  5 reapers
  8 draconian stormcallers
  3 war gargoyles
  2 draconian annihilators (Zot:4)
  2 caustic shrike skeletons (Crypt:3)
  A juggernaut skeleton (Crypt:3)
  An eleionoma (Swamp:3)
  6 black draconians
  8 deep elf demonologists
  7 vampire knights
  5 green draconians
  13 ironbound thunderhulks
  9 deep elf annihilators (Elf:3)
  8 purple draconians
  Nessos (D:14)
  4 grey draconians (Zot:1)
  2 starcursed masses
  9 white draconians
  11 red draconians
  13 dire elephants
  4 bunyips
  6 spark wasps (Depths:3)
  2 entropy weavers
  8 yellow draconians
  Snorg (D:10)
  2 crystal guardians
  A spark wasp (shapeshifter) (Vaults:5)
  A green death (Depths:1)
  5 blizzard demons
  2 eidola (Crypt:1)
  6 deep elf high priests
  Josephine (Orc:1)
  8 deep elf death magi
  16 ettins
  5 iron golems
  2 shambling mangroves (Swamp:4)
  12 jiangshi
  A merfolk impaler (Abyss:3)
  12 yaktaur captains
  12 great orbs of eyes
  8 fire dragons
  A quicksilver dragon zombie (Abyss:3)
  28 vault guards
  Erolcha (Orc:1)
  A peacekeeper (Vaults:3)
  A quicksilver dragon skeleton (Crypt:3)
  26 hydras
  2 rakshasas
  4 spriggan air magi
  3 ironbound frosthearts
  4 boulder beetles
  A salamander tyrant (Depths:3)
  9 ogre magi
  9 ice dragons
  28 two-headed ogres
  6 anacondas
  11 alligators
  15 naga warriors
  9 death yaks
  A fenstrider witch skeleton (Crypt:3)
  Erica (D:11)
  12 centaur warriors
  A deep troll shaman (Depths:3)
  5 tengu warriors
  10 vampire magi
  Urug (D:14)
  7 deep troll earth magi
  A hell hog (Hell)
  25 dancing weapons
  3 orc high priests
  7 shock serpents
  8 spriggan berserkers
  14 sun demons
  5 thrashing horrors
  25 deep elf knights
  A titan skeleton (Crypt:3)
  10 naga sharpshooters
  7 soul eaters
  4 hell knights (Hell)
  3 shadow wraiths
  44 skeletal warriors
  A wretched star (Abyss:2)
  3 sixfirhies
  A bunyip zombie (Crypt:1)
  6 goliath frogs
  4 iron trolls
  A sea snake (shapeshifter) (Vaults:5)
  A storm dragon skeleton (Crypt:1)
  7 sea snakes (Snake:4)
  60 deep trolls
  3 flayed ghosts
  A tengu zombie (Vaults:2)
  4 spriggan druids
  9 bog bodies
  2 anaconda zombies
  A spriggan simulacrum (Abyss:3)
  An iron giant skeleton (Crypt:2)
  2 obsidian statues
  An anaconda skeleton (Hell)
  14 swamp dragons
  The ghost of GasterBasher the Poker, a novice MiBe of Trog (D:6)
  2 orange crystal statues
  5 naga ritualists
  9 glowing orange brains
  14 deep elf archers
  A shadow dragon zombie (Crypt:1)
  4 wizards
  3 harpies (Vaults:2)
  27 ironbound convokers
  2 bunyip skeletons (Crypt:3)
  21 deep elf zephyrmancers
  8 lindwurms
  A wolf spider zombie (Crypt:3)
  8 large abominations
  Pikel (D:8)
  12 phantasmal warriors
  22 deep elf pyromancers
  4 orc sorcerers
  10 necromancers
  A cyclops (shapeshifter) (Vaults:5)
  2 orc knights
  3 oklob plants (Lair:5)
  5 manticores
  38 ugly things
  7 will-o-the-wisps
  A manticore (shapeshifter) (Vaults:5)
  7 shining eyes
  2 stone giant zombies
  9 mana vipers
  5 cyclopes
  3 iron dragon skeletons
  9 salamanders
  A centaur zombie (Abyss:3)
  A frost giant skeleton (Vaults:2)
  20 moths of wrath
  3 stone giant skeletons (Crypt:3)
  8 guardian serpents
  23 vault sentinels
  2 rust devils (Hell)
  Maurice (D:11)
  22 black mambas
  An apocalypse crab (Abyss:2)
  8 elephants
  2 molten gargoyles (Hell)
  10 naga magi
  2 gargoyles
  A torpor snail (shapeshifter) (Vaults:5)
  8 orange demons
  9 cane toads
  11 smoke demons
  2 demonic crawlers (Hell)
  7 eyes of devastation
  A shock serpent skeleton (Crypt:3)
  2 hellions (Hell)
  Maggie (D:8)
  2 centaur skeletons
  An unseen horror (D:12)
  A torpor snail (Lair:5)
  An efreet (Zot:3)
  6 rime drakes
  5 kobold demonologists
  6 freezing wraiths
  5 komodo dragons
  A sea snake zombie (Crypt:2)
  24 yaktaurs
  3 dire elephant skeletons
  A yaktaur skeleton (Vaults:2)
  5 ice devils
  3 tengu conjurers
  3 red devils
  A white draconian skeleton (Crypt:3)
  A catoblepas skeleton (Crypt:1)
  3 ancient zymes (Abyss:3)
  2 guardian mummies (Crypt:1)
  8 trolls
  2 trolls (shapeshifter)
  6 tyrant leeches
  6 meliai
  A queen bee (shapeshifter) (Elf:1)
  2 polar bears
  6 raiju (Abyss:3)
  A tarantella (shapeshifter) (Elf:2)
  21 hornets
  An iron troll skeleton (Crypt:1)
  A wolf spider simulacrum (D:15)
  9 blink frogs
  A sphinx simulacrum (Vaults:4)
  A guardian serpent zombie (Crypt:3)
  3 harpy skeletons
  2 nameless horrors
  2 hydra skeletons
  A dream sheep (shapeshifter) (Vaults:4)
  A culicivora zombie (Crypt:2)
  92 slime creatures
  A black mamba zombie (Crypt:3)
  19 flying skulls
  An ice dragon skeleton (Crypt:1)
  A vampire (Abyss:2)
  19 spriggans
  5 water elementals
  2 air elementals
  3 shadows
  Sigmund (D:6)
  A centaur simulacrum (D:11)
  4 ynoxinuls
  9 wyverns
  6 basilisks
  13 wraiths
  2 chaos spawn
  59 yaks
  A basilisk (shapeshifter) (Elf:1)
  6 fire elementals
  7 hogs (Snake:1)
  16 humans (D:14)
  2 steam dragons
  A human (shapeshifter) (D:12)
  11 golden eyes
  4 neqoxecs
  An ettin skeleton (Crypt:3)
  15 vampire mosquitoes
  Grum (D:9)
  An elf simulacrum (Vaults:4)
  An elf skeleton (Vaults:5)
  2 redbacks (Vaults:4)
  3 acid dragons
  28 nagas
  10 swamp worms
  5 wargs
  An ogre zombie (Vaults:2)
  4 hell hounds
  3 human zombies
  10 water moccasins
  A faun zombie (Crypt:3)
  30 orc warriors
  6 small abominations
  A faun skeleton (Crypt:2)
  5 swamp drakes (Swamp:4)
  A black bear (shapeshifter) (Elf:3)
  An ice beast (D:5)
  2 sky beasts (D:7)
  2 black bears
  An ice beast (shapeshifter) (D:15)
  A boggart (D:11)
  36 ogres
  16 centaurs
  15 wolves
  A lemure (D:8)
  A draconian zombie (Crypt:2)
  4 kobold brigands
  5 necrophages
  11 bullfrogs
  A scorpion (D:5)
  2 earth elementals
  A gnoll sergeant (D:13)
  A glowing shapeshifter simulacrum (Vaults:2)
  A komodo dragon skeleton (Crypt:1)
  A yak zombie (Crypt:1)
  A shapeshifter zombie (Crypt:3)
  14 wights
  A wyvern skeleton (D:6)
  A water moccasin skeleton (D:6)
  9 killer bees
  4 howler monkeys
  A bullfrog zombie (D:6)
  8 hounds
  2 jellies
  A gnoll bouda (D:8)
  12 orc priests
  2 iron imps
  Ijyb (D:3)
  A bullfrog skeleton (D:6)
  3 human skeletons (Crypt:1)
  18 orc wizards
  5 mummies (Crypt:1)
  10 gnolls
  A swamp drake zombie (Crypt:1)
  11 adders
  4 shadow imps
  5 white imps
  An ufetubus (D:4)
  2 worms
  4 dart slugs
  87 orcs
  3 ball pythons
  4 endoplasms
  4 giant cockroaches
  8 goblins
  5 hobgoblins
  2 jackals (D:4)
  3 quokkas
  6 bats
  4 frilled lizards
  18 kobolds
  A kobold zombie (Crypt:2)
  2 orc skeletons
  3 rats
  7 starspawn tentacles
2409 creatures vanquished.

Vanquished Creatures (collateral kills)
  the Royal Jelly (Slime:5)
  Bai Suzhen (Swamp:4)
  2 golden dragons
  2 electric golems
  2 tentacled monstrosities
  4 Orb Guardians (Zot:5)
  2 ancient champions (Hell)
  An acid blob (Slime:5)
  A tentacled starspawn (WizLab)
  A shadow dragon (Hell)
  A storm dragon (Zot:4)
  2 draconian monks
  A draconian knight (Zot:3)
  A draconian scorcher (Zot:3)
  2 draconian shifters
  A very ugly thing (WizLab)
  3 yellow draconians
  A red draconian (Zot:4)
  2 white draconians
  2 green draconians (Zot:3)
  An iron golem (Depths:4)
  A fire dragon (Elf:1)
  A hell beast (Hell)
  A soul eater (Hell)
  2 hell knights (Hell)
  A sun demon (Hell)
  A glowing orange brain (WizLab)
  A deep elf archer (Elf:1)
  A deep elf pyromancer (Elf:2)
  A phantasmal warrior (Hell)
  An ugly thing (WizLab)
  A shining eye (Slime:5)
  3 moths of wrath
  A smoke demon (Hell)
  3 molten gargoyles (Hell)
  An orange demon (Hell)
  A rust devil (Hell)
  A demonic crawler (Hell)
  An ice devil (Hell)
  A hydra zombie (Hell)
  A nameless horror (Zot:4)
  A slime creature (Slime:5)
  A hydra skeleton (Hell)
  A water elemental (Hell)
  An alligator skeleton (Hell)
  A hydra simulacrum (Hell)
  A swamp drake (Swamp:4)
  A lightning spire (Zot:1)
66 creatures vanquished.

Vanquished Creatures (others)
  A draconian knight (Zot:3)
  A draconian scorcher (Zot:3)
  An ironbound preserver (Vaults:5)
  A centaur warrior (Vaults:2)
  A deep troll (Vaults:5)
  An orange demon (Hell)
  An orc (Elf:1)
  5 demonic plants (WizLab)
  25 foxfires
  21 fungi
  57 plants
  14 starspawn tentacles
  4 withered plants (D:6)
133 creatures vanquished.

Grand Total: 2608 creatures vanquished

Notes
Turn   | Place    | Note
-------+----------+-------------------------------------------
     0 | D:1      | Twinkles the Vampire Brigand began the quest for the Orb.
     0 | D:1      | Reached XP level 1. HP: 16/16 MP: 1/1
   153 | D:1      | Found a faded altar of an unknown god.
   219 | D:1      | Reached XP level 2. HP: 22/22 MP: 2/2
   270 | D:1      | Reached skill level 2 in Fighting
   727 | D:2      | Found the amulet of Vitality {RegenMP++ Regen++}
   842 | D:2      | Gained mutation: You are afflicted with vampirism and can
                  | become a bat while bloodless. [Vampire growth]
   842 | D:2      | Reached XP level 3. HP: 27/27 MP: 3/3
  1538 | D:3      | Reached XP level 4. HP: 34/34 MP: 4/4
  1973 | D:3      | Noticed Ijyb
  1976 | D:3      | Killed Ijyb
  2083 | D:4      | Reached XP level 5. HP: 39/39 MP: 5/5
  2378 | D:4      | Reached skill level 3 in Fighting
  2378 | D:4      | Reached XP level 6. HP: 47/47 MP: 6/6
  2388 | D:4      | Found a large runed translucent door.
  2388 | D:4      | Found a large runed translucent door.
  2398 | D:4      | Noticed Silvore's ghost (amateur MiFi)
  2417 | D:4      | You fall into a shaft and drop 1 floor!
  2417 | D:5      | Entered Level 5 of the Dungeon
  2714 | D:4      | Found a staircase to the Ecumenical Temple.
  2927 | D:5      | Reached skill level 1 in Shields
  2946 | D:5      | Reached XP level 7. HP: 52/52 MP: 7/7
  3319 | D:5      | Found a sacrificial altar of Ru.
  3740 | D:6      | Reached skill level 4 in Fighting
  3824 | D:5      | Reached skill level 5 in Short Blades
  3936 | D:6      | Reached XP level 8. HP: 40/61 MP: 8/8
  4059 | D:6      | Found a runed translucent door.
  4062 | D:6      | Noticed GasterBasher's ghost (novice MiBe)
  4162 | D:6      | Reached skill level 5 in Fighting
  4189 | D:6      | Noticed Sigmund
  4209 | D:6      | Reached skill level 10 in Stealth
  5203 | D:7      | Reached XP level 9. HP: 69/69 MP: 9/9
  5397 | D:7      | Reached skill level 6 in Fighting
  5563 | Temple   | Entered the Ecumenical Temple
  5563 | Temple   | Found a transporter.
  5563 | Temple   | Found a transporter.
  5565 | Temple   | Found a transporter.
  5565 | Temple   | Found a transporter.
  5611 | Temple   | Became a worshipper of the Wu Jian Council
  5848 | D:7      | Noticed a two-headed ogre
  5848 | D:7      | Noticed a two-headed ogre
  5913 | D:6      | Killed a two-headed ogre
  6072 | D:7      | Found the +12 pair of quick blades "Gyre" and "Gimble"
                  | {protect}
  6188 | D:8      | Noticed Maggie
  6191 | D:8      | Killed Maggie
  6197 | D:8      | Reached skill level 7 in Fighting
  6336 | D:8      | Reached XP level 10. HP: 78/79 MP: 10/10
  6451 | D:8      | Found a blossoming altar of Fedhas.
  6475 | D:8      | Noticed Pikel
  6481 | D:8      | Killed Pikel
  6482 | D:8      | Reached skill level 1 in Armour
  6529 | D:8      | Reached skill level 5 in Dodging
  6686 | D:9      | Reached * piety under Wu Jian
  6691 | D:9      | Noticed a two-headed ogre
  6695 | D:9      | Killed a two-headed ogre
  6699 | D:9      | Noticed Grum
  6705 | D:9      | Killed Grum
  6772 | D:9      | Found a hazy altar of Hepliaklqana.
  6800 | D:9      | Noticed a two-headed ogre
  6808 | D:9      | Killed a two-headed ogre
  6898 | D:9      | Found a runed translucent gate.
  6898 | D:9      | Found a runed translucent gate.
  6901 | D:9      | Found a runed translucent gate.
  6903 | D:9      | Noticed bnorton916's ghost (novice GrEE)
  6949 | D:9      | Reached skill level 8 in Fighting
  7036 | D:9      | Found a staircase to the Lair.
  7413 | D:10     | Entered Level 10 of the Dungeon
  7568 | D:10     | Reached skill level 5 in Throwing
  7568 | D:10     | Reached XP level 11. HP: 86/86 MP: 11/11
  7582 | D:10     | Reached ** piety under Wu Jian
  7775 | D:10     | Noticed a sun demon
  7781 | D:10     | Reached skill level 1 in Evocations
  7799 | D:10     | Found a shimmering blue altar of Sif Muna.
  7808 | D:10     | Noticed Snorg
  7814 | D:10     | Killed Snorg
  7896 | D:10     | Noticed a two-headed ogre
  7904 | D:10     | Killed a two-headed ogre
  7905 | D:10     | Reached skill level 15 in Stealth
  8177 | Lair:1   | Entered Level 1 of the Lair of Beasts
  8433 | Lair:1   | Reached skill level 9 in Fighting
  8909 | Lair:2   | Noticed a five-headed hydra
  8915 | Lair:2   | Killed a five-headed hydra
  8929 | Lair:2   | Reached *** piety under Wu Jian
  9014 | Lair:2   | Reached XP level 12. HP: 95/95 MP: 12/12
  9031 | Lair:2   | Noticed a death yak
  9031 | Lair:2   | Noticed a death yak
  9032 | Lair:2   | Noticed a death yak
  9033 | Lair:2   | Noticed a death yak
  9033 | Lair:2   | Noticed a death yak
  9034 | Lair:2   | Noticed a death yak
  9259 | Lair:2   | Killed a death yak
  9279 | Lair:2   | Killed a death yak
  9287 | Lair:2   | Killed a death yak
  9326 | Lair:2   | Killed a death yak
  9337 | Lair:2   | Killed a death yak
  9351 | Lair:2   | Killed a death yak
  9693 | Lair:2   | Reached skill level 5 in Evocations
  9813 | Lair:2   | Found a staircase to the Swamp.
 10125 | Lair:3   | Found a staircase to the Snake Pit.
 10149 | Lair:3   | Reached skill level 10 in Fighting
 10222 | Lair:3   | Noticed an eight-headed hydra
 10230 | Lair:3   | Killed an eight-headed hydra
 10253 | Lair:3   | Noticed a four-headed hydra
 10262 | Lair:3   | Killed a four-headed hydra
 10341 | Lair:3   | Reached **** piety under Wu Jian
 10731 | Lair:4   | Noticed a death yak
 10737 | Lair:4   | Noticed a death yak
 10737 | Lair:4   | Noticed a death yak
 10746 | Lair:4   | Killed a death yak
 10747 | Lair:4   | Reached skill level 10 in Dodging
 10748 | Lair:4   | Killed a death yak
 10751 | Lair:4   | Killed a death yak
 10752 | Lair:4   | Reached XP level 13. HP: 88/104 MP: 13/13
 11076 | Lair:4   | You fall into a shaft and drop 1 floor!
 11076 | Lair:5   | Entered Level 5 of the Lair of Beasts
 11289 | Lair:5   | Reached skill level 11 in Fighting
 11351 | Lair:5   | Reached ***** piety under Wu Jian
 11520 | Lair:5   | Found a burning altar of Makhleb.
 11631 | Lair:5   | Found a gateway to Hell.
 11740 | Lair:5   | Found the +8 orange crystal plate armour {Archmagi, Int+3
                  | Clar}
 11798 | Lair:5   | Found a viscous altar of Jiyva.
 11800 | Lair:5   | Found a staircase to the Slime Pits.
 12515 | D:11     | Noticed Maurice
 12518 | D:11     | Killed Maurice
 12811 | D:11     | Noticed Erica
 12817 | D:11     | Killed Erica
 12935 | D:11     | Reached XP level 14. HP: 114/114 MP: 14/14
 13227 | D:11     | Reached skill level 12 in Fighting
 13251 | D:11     | Identified the ring of Tioskesu {Wiz Str+4}
 13251 | D:11     | Identified the ring "Tyokh" {Drain rPois AC+4 Slay+4
                  | Stlth+}
 13468 | D:12     | Found a staircase to the Orcish Mines.
 13556 | D:12     | Identified the +11 rapier of Duohuuh {venom, rN+}
 13578 | D:12     | Reached ****** piety under Wu Jian
 13665 | D:12     | Found Kiti Pid's Mass Market.
 13895 | D:12     | Noticed Jorgrun
 13897 | D:12     | Killed Jorgrun
 14701 | D:14     | Noticed Urug
 14701 | D:14     | Found a gate to the Vaults.
 14711 | D:14     | Killed Urug
 14845 | D:14     | Noticed Nessos
 14850 | D:14     | Killed Nessos
 15108 | D:14     | Reached skill level 10 in Evocations
 15111 | D:14     | Reached XP level 15. HP: 122/122 MP: 15/15
 15174 | D:14     | Reached skill level 13 in Fighting
 15309 | D:15     | Entered Level 15 of the Dungeon
 15338 | D:15     | Found a staircase to the Depths.
 15492 | D:15     | Found Sopagib's Assorted Antiques.
 15501 | D:15     | Bought a scroll labelled QIER GUUCUAQ for 32 gold pieces
 16154 | Orc:1    | Entered Level 1 of the Orcish Mines
 16287 | Orc:1    | Noticed Josephine
 16298 | Orc:1    | Killed Josephine
 16636 | Orc:2    | Entered Level 2 of the Orcish Mines
 16636 | Orc:2    | Noticed an orc warlord
 16655 | Orc:2    | Killed an orc warlord
 16675 | Orc:2    | Reached skill level 14 in Fighting
 16683 | Orc:2    | Reached skill level 15 in Dodging
 16697 | Orc:2    | Found Ceggi's Antique Weapon Shop.
 16697 | Orc:2    | Found Qeaxicsu's Distillery.
 16698 | Orc:2    | Found Temiph's Distillery.
 16698 | Orc:2    | Found Deipse Ejel's Antique Armour Shoppe.
 16722 | Orc:2    | Noticed an orc warlord
 16727 | Orc:2    | Killed an orc warlord
 16795 | Orc:2    | Found a staircase to the Elven Halls.
 16962 | Orc:2    | Bought a potion of curing for 42 gold pieces
 16962 | Orc:2    | Bought 2 potions of heal wounds for 140 gold pieces
 16962 | Orc:2    | Bought a potion of heal wounds for 70 gold pieces
 16962 | Orc:2    | Bought a potion of curing for 42 gold pieces
 16965 | Orc:2    | Bought a potion of berserk rage for 65 gold pieces
 16965 | Orc:2    | Bought a potion of curing for 39 gold pieces
 16965 | Orc:2    | Bought a potion of lignification for 39 gold pieces
 16965 | Orc:2    | Bought a potion of curing for 39 gold pieces
 16965 | Orc:2    | Bought 2 potions of heal wounds for 130 gold pieces
 17268 | Orc:1    | Noticed Erolcha
 17269 | Orc:1    | Killed Erolcha
 17270 | Orc:1    | Reached XP level 16. HP: 133/133 MP: 16/16
 17528 | Swamp:1  | Entered Level 1 of the Swamp
 17762 | Snake:1  | Entered Level 1 of the Snake Pit
 17862 | Snake:1  | Identified the +1 chain mail of the Breadfruit {Fly rC++
                  | Str+3 Int-4}
 17917 | Snake:1  | Noticed Aizul
 17919 | Snake:1  | Killed Aizul
 18144 | Snake:1  | Noticed Kirke
 18465 | Snake:1  | Killed Kirke
 18910 | Snake:2  | Found Detarch's Jewellery Shoppe.
 19291 | Snake:3  | Reached skill level 15 in Fighting
 19750 | Snake:3  | Identified a scroll of acquirement
 20098 | Snake:4  | Entered Level 4 of the Snake Pit
 20238 | Snake:4  | Reached XP level 17. HP: 141/142 MP: 17/17
 20251 | Snake:4  | Found Jin Biadi's Antique Weapon Emporium.
 20333 | Snake:4  | Found a snail-covered altar of Cheibriados.
 20597 | Snake:4  | Reached skill level 16 in Fighting
 20637 | Snake:4  | Got a serpentine rune of Zot
 20736 | Snake:4  | Found Ynimmoz's Jewellery Shoppe.
 20738 | Snake:4  | Found Oliumee Hott's General Store.
 20743 | Snake:4  | Found Waontam's General Store.
 20756 | Snake:4  | Identified the +4 scale mail "Kicsa" {Rampage}
 22237 | Swamp:1  | Acquired a +4 quick blade
 22780 | Swamp:2  | Found a radiant altar of Vehumet.
 23292 | Swamp:3  | Found an iron altar of Okawaru.
 23396 | Swamp:3  | Noticed Louise
 23402 | Swamp:3  | Killed Louise
 23422 | Swamp:3  | Found a runed translucent gate.
 23422 | Swamp:3  | Found a runed translucent gate.
 23422 | Swamp:3  | Found a runed translucent gate.
 23423 | Swamp:3  | Noticed Doddyp's ghost (adept HOBe)
 23423 | Swamp:3  | Noticed Fuxaofaz's ghost (adept MiFi)
 23425 | Swamp:3  | Noticed Doddyp's ghost (adept HOBe)
 23425 | Swamp:3  | Noticed Jacimip's ghost (journeyman HaHu)
 23626 | Swamp:4  | Entered Level 4 of the Swamp
 23805 | Swamp:3  | Noticed Qemahefa's ghost (adept GrFi)
 23848 | Swamp:4  | Noticed Bai Suzhen
 23879 | Swamp:4  | Reached skill level 1 in Necromancy
 23889 | Swamp:4  | Reached skill level 1 in Earth Magic
 24148 | Swamp:4  | Learned a level 5 spell: Borgnjor's Vile Clutch
 24176 | Swamp:4  | Killed Bai Suzhen
 24177 | Swamp:4  | Reached XP level 18. HP: 109/153 MP: 18/18
 24348 | Swamp:4  | Got a decaying rune of Zot
 24441 | Swamp:4  | Reached skill level 5 in Necromancy
 24473 | Swamp:4  | Reached skill level 17 in Fighting
 24907 | Vaults:1 | Entered Level 1 of the Vaults
 24923 | Vaults:1 | Found Ynlyot's Magic Scroll Boutique.
 25130 | Vaults:1 | Reached skill level 5 in Earth Magic
 26833 | Vaults:2 | Found a transporter.
 26833 | Vaults:2 | Found a transporter.
 26835 | Vaults:2 | Noticed Brasilia's ghost (adept FeWn)
 26836 | Vaults:2 | Noticed an ancient lich
 26958 | Vaults:2 | Reached XP level 19. HP: 147/162 MP: 19/19
 26992 | Vaults:2 | Reached skill level 5 in Armour
 27144 | Abyss:2  | Cast into level 2 of the Abyss (a wizard)
 27524 | Abyss:2  | Reached skill level 18 in Fighting
 27593 | Vaults:2 | Escaped the Abyss
 27895 | Vaults:2 | Reached skill level 10 in Necromancy
 28303 | Vaults:3 | Found Faangyli's Magic Scroll Boutique.
 28314 | Vaults:3 | Reached skill level 10 in Earth Magic
 28559 | Vaults:3 | Learned a level 4 spell: Dispel Undead
 28651 | Vaults:3 | Found a staircase to the Crypt.
 28874 | Vaults:3 | Reached XP level 20. HP: 172/172 MP: 20/20
 28944 | Vaults:3 | Noticed Xtahua
 29445 | Vaults:4 | Learned a level 6 spell: Death Channel
 29678 | Vaults:4 | Acquired a manual of Spellcasting
 29878 | Vaults:4 | Reached skill level 19 in Fighting
 30055 | Vaults:4 | Noticed Zenata
 30083 | Vaults:4 | Killed Zenata
 30158 | Vaults:4 | Found Dimen's Book Boutique.
 30836 | Elf:1    | Entered Level 1 of the Elven Halls
 30945 | Elf:1    | Paralysed by an air elemental for 1 turns
 31773 | Elf:1    | Found a runed translucent gate.
 31773 | Elf:1    | Found a runed translucent gate.
 31773 | Elf:1    | Found a runed translucent gate.
 31773 | Elf:1    | Found a runed translucent gate.
 31773 | Elf:1    | Found a runed translucent gate.
 31774 | Elf:1    | Found a runed translucent gate.
 32316 | Elf:2    | Found Diegyim's Weapon Shop.
 32454 | Elf:2    | Paralysed by an air elemental for 1 turns
 32684 | Elf:2    | Found a runed translucent gate.
 32684 | Elf:2    | Found a runed translucent gate.
 32685 | Elf:2    | Found a runed translucent gate.
 32888 | Elf:2    | Reached skill level 20 in Fighting
 33152 | Elf:2    | Reached XP level 21. HP: 183/183 MP: 21/21
 33416 | Elf:3    | Entered Level 3 of the Elven Halls
 33473 | Elf:3    | Reached skill level 1 in Spellcasting
 33473 | Elf:3    | Reached skill level 15 in Necromancy
 33568 | Elf:3    | Found Qeuteox's Tremendous Tomes.
 33681 | Elf:3    | Identified the +1 war axe of Nycrogu {antimagic, Will+}
 33967 | Elf:3    | Reached skill level 5 in Spellcasting
 33971 | Elf:3    | Identified the +11 trident "Nikhlod" {vorpal, Will+}
 33984 | Elf:3    | Identified the +0 bardiche of Jatt {flame, +Blink}
 33984 | Elf:3    | Identified the amulet of Salvation {Reflect Int+2 Dex+5
                  | SH+5}
 34071 | Elf:3    | Got Yshru's Tractate on the Glacier and the Storm
 34262 | Elf:3    | Noticed Nikola
 34265 | Elf:3    | Killed Nikola
 34541 | Elf:3    | Found Noimn's Book Emporium.
 34541 | Elf:3    | Found Anejeb's Jewellery Shop.
 34542 | Elf:3    | Found Fourghaeb's Book Emporium.
 34550 | Elf:3    | Bought the ring of Day {rF+ rC+ rN+ Will+} for 780 gold
                  | pieces
 34563 | Elf:3    | Bought a book of Party Tricks for 224 gold pieces
 34565 | Elf:3    | Learned a level 1 spell: Apportation
 34947 | Snake:3  | Acquired a manual of Ice Magic
 35281 | Vaults:3 | Bought a scroll of acquirement for 832 gold pieces
 35283 | Vaults:3 | Acquired 1054 gold pieces
 35359 | Vaults:1 | Bought a scroll of acquirement for 1040 gold pieces
 35361 | Vaults:1 | Acquired the +1 pair of gloves "Hibbaetz" {Dex+3 Stlth+}
 36144 | Elf:3    | Bought a book of Death for 660 gold pieces
 36345 | Depths:1 | Entered Level 1 of the Depths
 36397 | Depths:1 | Found the +7 sceptre of Torment {pain, torment}
 36419 | Depths:1 | Found a snail-covered altar of Cheibriados.
 36503 | Depths:1 | Noticed Mara
 36508 | Depths:1 | Killed Mara
 36508 | Depths:1 | Reached skill level 1 in Summonings
 36558 | Depths:1 | Learned a level 5 spell: Lee's Rapid Deconstruction
 36590 | Depths:1 | Identified the ring "Qomayt" {Fly rPois Str+6 Dex-4 Stlth-}
 36622 | Depths:1 | Identified the +2 troll leather armour of the Land of
                  | Plenty {rPois rC- Regen+ MP+9}
 37061 | Depths:2 | Found Fagio's Jewellery Emporium.
 37285 | Depths:2 | Found a one-way gate leading to the halls of Pandemonium.
 38014 | Depths:3 | Reached skill level 21 in Fighting
 38028 | Depths:3 | Identified the +1 great sword "Hyquwuk" {spect, rF+ Will+
                  | Str+4 Int+3}
 38055 | Depths:3 | Identified the +7 spear of the Carved God {freeze, rF++ rN+
                  | Dex+5}
 38111 | Depths:3 | Reached XP level 22. HP: 147/194 MP: 35/35
 38167 | Depths:3 | Reached skill level 5 in Summonings
 38197 | Depths:3 | Found a one-way gate to the infinite horrors of the Abyss.
 38277 | Depths:3 | Found a one-way gateway to a ziggurat.
 38507 | Depths:4 | Entered Level 4 of the Depths
 38630 | Depths:4 | Reached skill level 10 in Spellcasting
 38890 | Depths:4 | Found a gate to the Realm of Zot.
 39022 | Depths:4 | Learned a level 7 spell: Haunt
 39115 | Depths:4 | Found a corrupted altar of Lugonu.
 39860 | Slime:1  | Entered Level 1 of the Pits of Slime
 39981 | Slime:2  | Gained mutation: You occasionally shout uncontrollably at
                  | your foes. [a shining eye]
 40070 | Slime:3  | HP: 6/194 [azure jelly (17)]
 40792 | Slime:5  | Entered Level 5 of the Pits of Slime
 41001 | Slime:5  | Noticed the Royal Jelly
 41511 | Slime:5  | Killed the Royal Jelly
 41618 | Slime:5  | Identified the +4 scale mail of Apathy {Str+5}
 41702 | Slime:5  | Identified the +0 plate armour of Ufudwy {rElec Str+2}
 41704 | Slime:5  | Got the Handbook of Silt and Blasting
 41706 | Slime:5  | Got a slimy rune of Zot
 41759 | Slime:5  | Identified the +11 scimitar "Wifesch" {flame, Int+4}
 41766 | Slime:5  | Got the Lectures on Breezy Forms
 42087 | Slime:5  | Gained mutation: Your body sometimes deteriorates upon
                  | taking damage. [a shining eye]
 42996 | Depths:3 | Lost mutation: You occasionally shout uncontrollably at
                  | your foes. [potion of mutation]
 42996 | Depths:3 | Lost mutation: Your body sometimes deteriorates upon taking
                  | damage. [potion of mutation]
 42996 | Depths:3 | Gained mutation: You sometimes lose your temper in combat.
                  | [potion of mutation]
 42996 | Depths:3 | Gained mutation: You are strong-willed. (Will+) [potion of
                  | mutation]
 42997 | Depths:3 | Lost mutation: You are strong-willed. (Will+) [potion of
                  | mutation]
 42997 | Depths:3 | Lost mutation: You sometimes lose your temper in combat.
                  | [potion of mutation]
 42997 | Depths:3 | Gained mutation: Your spells are a little easier to cast,
                  | but a little less powerful. [potion of mutation]
 42997 | Depths:3 | Gained mutation: Your spells are easier to cast, but less
                  | powerful. [potion of mutation]
 42997 | Depths:3 | Gained mutation: You are frail. (-10% HP) [potion of
                  | mutation]
 42998 | Depths:3 | Lost mutation: Your spells are easier to cast, but less
                  | powerful. [potion of mutation]
 42998 | Depths:3 | Lost mutation: You are frail. (-10% HP) [potion of
                  | mutation]
 43001 | Depths:3 | Voluntarily entered the Abyss.
 43222 | Abyss:3  | Reached XP level 23. HP: 172/202 MP: 37/37
 43239 | Abyss:3  | Gained mutation: You are weak. (Str -2) [a neqoxec]
 43491 | Abyss:3  | Got an abyssal rune of Zot
 43532 | Depths:3 | Escaped the Abyss
 43831 | Vaults:5 | Entered Level 5 of the Vaults
 43840 | Vaults:5 | Reached skill level 10 in Summonings
 43886 | Vaults:5 | Found Qaboshuv's Distillery.
 43909 | Vaults:5 | Got a silver rune of Zot
 44393 | Vaults:5 | Found Itza's Magic Scroll Emporium.
 44398 | Vaults:5 | Bought a scroll of acquirement for 624 gold pieces
 44398 | Vaults:5 | Acquired the +3 buckler of Words of Power {Dex+4 Stlth+}
 44401 | Vaults:5 | Acquired 418 gold pieces
 44466 | Vaults:5 | Found the +8 Vampire's Tooth {vamp}
 44478 | Vaults:5 | Found the +12 glaive of Prune {vorpal}
 44483 | Vaults:5 | Identified the amulet "Qovid" {rF+ Will+ Regen+ rCorr}
 44541 | Vaults:5 | Identified the +8 lajatang of the Orange Skies {vorpal,
                  | *Noise rElec rCorr Dex+6}
 44728 | Vaults:5 | Found Dyijut's Magic Scroll Shoppe.
 44964 | Vaults:5 | Found the +8 demon blade "Leech" {vamp, Harm Drain rN+}
 44972 | Vaults:5 | Got the Grimoire of Hoarfrost and Execration
 45868 | Orc:2    | Bought a potion of resistance for 140 gold pieces
 45971 | Vaults:1 | Bought a scroll of enchant weapon for 150 gold pieces
 45971 | Vaults:1 | Bought a scroll of teleportation for 60 gold pieces
 46044 | Vaults:3 | Bought a scroll of teleportation for 48 gold pieces
 46044 | Vaults:3 | Bought a scroll of teleportation for 48 gold pieces
 46123 | Vaults:5 | Bought a scroll of teleportation for 60 gold pieces
 46171 | Vaults:5 | Bought a potion of mutation for 112 gold pieces
 46171 | Vaults:5 | Bought a potion of heal wounds for 70 gold pieces
 46171 | Vaults:5 | Bought a potion of resistance for 140 gold pieces
 46171 | Vaults:5 | Bought a potion of might for 56 gold pieces
 46185 | Vaults:5 | Bought a scroll of enchant weapon for 90 gold pieces
 46878 | Lair:4   | Learned a level 8 spell: Infestation
 47137 | D:15     | Bought a potion of haste for 320 gold pieces
 47295 | Vaults:2 | Killed an ancient lich
 47318 | Vaults:2 | Killed Brasilia's ghost
 47735 | Swamp:3  | Killed Qemahefa's ghost
 47750 | Swamp:3  | Killed Jacimip's ghost
 47756 | Swamp:3  | Killed Fuxaofaz's ghost
 48537 | Crypt:1  | Entered Level 1 of the Crypt
 48596 | Crypt:1  | Reached XP level 24. HP: 163/175 MP: 37/37
 48867 | Crypt:1  | You fall into a shaft and drop 1 floor!
 48947 | Crypt:2  | Found a magical portal.
 48977 | WizLab   | Entered Lehudib's Moon Base
 49122 | WizLab   | Reached skill level 22 in Fighting
 49472 | WizLab   | Found a transporter.
 49546 | WizLab   | Found a transporter.
 49695 | WizLab   | Got Lehudib's Guidebook on the Remoulded Rocks
 49766 | WizLab   | Identified the +4 ring mail of Inquiry {SInv}
 49768 | WizLab   | Identified the ring "Ceutwups" {Fire rElec Str+2}
 50543 | Crypt:3  | Entered Level 3 of the Crypt
 50543 | Crypt:3  | Found a staircase to the Tomb.
 50847 | Crypt:3  | Found an ancient bone altar of Kikubaaqudgha.
 51107 | Crypt:3  | Noticed a dread lich
 51193 | Crypt:3  | Killed a dread lich
 51194 | Crypt:3  | Reached skill level 23 in Fighting
 51303 | Crypt:3  | Got Gloorx Vloq's Discursus on the Mausoleum
 51465 | Crypt:3  | Got the Incunable of Necrotic Formation
 51569 | Crypt:3  | Reached XP level 25. HP: 219/220 MP: 37/37
 51707 | Crypt:3  | Found a runed translucent door.
 51939 | Crypt:3  | Noticed Nyubb's ghost (veteran MiGl)
 51986 | Crypt:3  | Killed Nyubb's ghost
 52091 | Vaults:3 | Killed Xtahua
 52351 | D:6      | Killed GasterBasher's ghost
 52595 | D:6      | Killed Sigmund
 53341 | Zot:1    | Entered Level 1 of the Realm of Zot
 53352 | Zot:1    | Noticed a juggernaut
 53406 | Zot:1    | Reached skill level 24 in Fighting
 53451 | Zot:1    | Killed a juggernaut
 54060 | Zot:2    | Reached skill level 25 in Fighting
 54900 | Zot:3    | Identified the +1 scale mail of the Mantidfly {Harm}
 55337 | Zot:3    | Noticed Parghit
 55350 | Zot:3    | Killed Parghit
 55409 | Zot:3    | Reached XP level 26. HP: 229/237 MP: 37/37
 55695 | Zot:4    | Reached skill level 26 in Fighting
 56579 | Zot:5    | Entered Level 5 of the Realm of Zot
 57216 | Hell     | Entered the Vestibule of Hell
 57218 | Hell     | Noticed Geryon
 57219 | Hell     | Killed Geryon
 57314 | Hell     | Found a gateway to the freezing wastes of Cocytus.
 57337 | Hell     | Found a gateway to the decaying netherworld of Tartarus.
 57381 | Hell     | Found a gateway to the ashen valley of Gehenna.
 58302 | Hell     | Found a gateway to the Iron City of Dis.
 58680 | Zot:5    | Noticed an ancient lich
 58681 | Zot:5    | Noticed a dread lich
 58683 | Zot:5    | Noticed an orb of fire
 58683 | Zot:5    | Killed a dread lich
 58688 | Zot:5    | Noticed an orb of fire
 58688 | Zot:5    | Killed an ancient lich
 58694 | Zot:5    | Noticed an ancient lich
 58696 | Zot:5    | Killed an orb of fire
 58697 | Zot:5    | Killed an ancient lich
 58699 | Zot:5    | Gained mutation: You have an increased reservoir of magic.
                  | (+10% MP) [an orb of fire]
 58699 | Zot:5    | Gained mutation: You are occasionally teleported next to
                  | monsters. [an orb of fire]
 58700 | Zot:5    | Noticed an orb of fire
 58706 | Zot:5    | Noticed a dread lich
 58708 | Zot:5    | Noticed an ancient lich
 58710 | Zot:5    | Killed an orb of fire
 58710 | Zot:5    | Reached XP level 27. HP: 157/247 MP: 22/45
 58710 | Zot:5    | Gained mutation: You occasionally lose the ability to drink
                  | potions when taking damage. [an orb of fire]
 58712 | Zot:5    | Killed an orb of fire
 58714 | Zot:5    | Noticed a dread lich
 58717 | Zot:5    | Reached skill level 15 in Spellcasting
 58719 | Zot:5    | Killed a dread lich
 58723 | Zot:5    | Killed a dread lich
 58724 | Zot:5    | Killed an ancient lich
 58880 | Zot:5    | Learned a level 2 spell: Blink
 59003 | Zot:5    | Reached skill level 27 in Fighting
 59286 | Zot:5    | Got the Orb of Zot
 59819 | D:1      | Lost mutation: You are weak. (Str -2) [potion of mutation]
 59819 | D:1      | Lost mutation: You are occasionally teleported next to
                  | monsters. [potion of mutation]
 59820 | D:1      | Lost mutation: You have an increased reservoir of magic.
                  | (+10% MP) [potion of mutation]
 59820 | D:1      | Lost mutation: Your spells are a little easier to cast, but
                  | a little less powerful. [potion of mutation]
 59820 | D:1      | Lost mutation: You occasionally lose the ability to drink
                  | potions when taking damage. [potion of mutation]
 59820 | D:1      | Gained mutation: You have sharp fingernails. [potion of
                  | mutation]
 59820 | D:1      | Gained mutation: Your spells are a little easier to cast,
                  | but a little less powerful. [potion of mutation]
 59820 | D:1      | Gained mutation: You are partially covered in iridescent
                  | scales. (AC +2) [potion of mutation]
 59822 | D:$      | Escaped with the Orb!

Illustrated notes

Levels and vault maps discovered:
D:1:      dpeg_arrival_connections, layout_loops_cross,
          chequers_ecumenical_altar_simple_redux
D:2:      layout_loops_ring, dreamdust_princess_corridor
D:3:      layout_basic, minmay_misc_feat_encased, uniq_ijyb
D:4:      layout_basic, minmay_temple_entry_fiery, ebering_ghost_disaster_area,
          chequers_decorated_corner
D:5:      layout_basic, nicolae_ru_path_of_blood
D:6:      kennysheep_spiral_hall, layout_basic, serial_undead, serial_undead_b,
          serial_undead_b, serial_undead_a, serial_undead_e,
          hellmonk_ghost_happy_afterlife, uniq_sigmund
D:7:      layout_loops_ring, hangedman_abyss_or_decor_lesser_grid,
          hellmonk_guarded_unrand_gyre_and_gimble
D:8:      layout_rooms, amcnicky_altar_gilded, grunt_ministairs_3, uniq_pikel,
          uniq_maggie
D:9:      layout_loops_ring, lemuel_tele_altar,
          nicolae_hepliaklqana_hazy_memory, grunt_lair_entry_orc_guard_hut,
          gammafunk_ghost_spectres, uniq_grum
D:10:     layout_loops_ring, led_sif_book, minmay_orc_keep, uniq_snorg
D:11:     minmay_the_grid_3x3 [minmay_the_grid_tiny_cups,
          minmay_the_grid_outer_circle, minmay_the_grid_tree,
          minmay_the_grid_minigrid_medium, minmay_the_grid_minigrid_small_alt,
          minmay_the_grid_gridbox, minmay_the_grid_x, minmay_the_grid_dragon_a,
          minmay_the_grid_prize_shrinking_boxes], layout_basic, minivault_16,
          kennysheep_generic_room_15, uniq_erica, uniq_maurice
D:12:     layout_roguey, david_orc_5, minmay_shop_mass, minmay_diamond_spiral,
          uniq_jorgrun
D:13:     layout_basic, hangedman_decor_diamond_cutter
D:14:     layout_irregular_city, david_vaults_3, minmay_misc_feat_plants,
          uniq_nessos
D:15:     hangedman_depths_entry_civil_slaughter, layout_loops_ring,
          serial_shops, nicolae_lakefront_shop
Temple:   hellmonk_temple_divided_pantheon
Lair:1:   layout_gridlike, infiniplex_staircase_pool
Lair:2:   layout_loops_ring, minmay_swamp_entry_worms,
          chequers_serial_rivers_micro_a, serial_bayou_shore_b,
          serial_bayou_shore_a
Lair:3:   layout_hall_layers, dummy_snake_entry
Lair:4:   layout_cellular_growth
Lair:5:   evil_forest, layout_regular_city, minmay_slime_entry_oklob_enclosed
Swamp:1:  layout_basic_swamp, serial_swamp_ruin, evilmike_swamp_ruin_house_4,
          evilmike_swamp_ruin_rubble_1, swamp_pool3
Swamp:2:  layout_basic_swamp, nicolae_swamp_godswood
Swamp:3:  layout_falls_marsh, gammafunk_ghost_cemetery, lemuel_altar_in_water,
          cheibrodos_swamp_witchery, uniq_louise
Swamp:4:  swamp_alternative, layout_basic_swamp, uniq_bai_suzhen
Snake:1:  layout_rooms, nicolae_snake_linked_coils, uniq_aizul, uniq_kirke
Snake:2:  layout_misc_corridors, serial_shops, nicolae_shop_waterfront,
          grunt_ministairs_6, st_stairs_6, nicolae_snake_round_shape_thing
Snake:3:  layout_cave_pods, nicolae_snake_gridmaze_zigzag, serial_bayou_shore_b
Snake:4:  grunt_snake_rune_pools, layout_onion_interference, basic_altar,
          serial_shops, nicolae_shop_overgrown_old_shop, st_stairs_2,
          minmay_shop_star, serial_bayou_shore_b
Slime:1:  layout_caves
Slime:2:  layout_caves
Slime:3:  layout_caves
Slime:4:  layout_caves
Slime:5
Orc:1:    layout_diamond_mine, nicolae_orc_lava_tube, uniq_erolcha,
          uniq_josephine
Orc:2:    st_orc_ogre_mass, layout_caves, mines2_david
Elf:1:    nicolae_elf_arrival_fired_up, layout_loops_ring, orc_legates,
          st_stairs_6, grunt_megastairs_2
Elf:2:    nicolae_elf_blades_splatter_lattice [mumra_blade_entry_dagger],
          layout_geoelf_octagon, serial_shops, shop, dreamdust_wishing_well,
          hex_large, grunt_ministairs_3, lemuel_flamethrower_2
Elf:3:    minmay_elf_hall_furrowed, layout_loops_corners,
          nicolae_shop_i_like_big_books, minmay_shop_grove, uniq_nikola
Vaults:1: v_misc_2, grunt_vaults_swirl, nicolae_vaults_alarming, v_misc_4,
          nicolae_vaults_little_squares_6, v_misc_17,
          nicolae_vaults_network_square, nicolae_vaults_yaktaur_gun_rack,
          v_misc_22, nicolae_vaults_little_squares_6, vaults_dpeg_hooks,
          layout_vaults_quadrants, serial_shops, shop
Vaults:2: nzn_ghost_randoct, st_more_cells, v_misc_14, vaults_room_ringed_pool,
          nicolae_vaults_border_crossing, nicolae_vaults_what_the_h, v_misc_23,
          v_pattern_4, v_misc_12, nicolae_vaults_network_s,
          grunt_vaults_hallway_long, ontoclasm_vaults_chip, vaults_room_pools,
          layout_vaults_omnicross
Vaults:3: vaults_room_stairs_pillars, ontoclasm_vaults_fault,
          vaults_standard_mumra_lines, minmay_crypt_entry_simple_statues,
          nicolae_vaults_three_branches, vaults_room_semicircle, v_pattern_3,
          nicolae_vaults_theta, nicolae_vaults_little_squares_3, v_misc_14,
          layout_vaults_big_room, serial_shops, shop, uniq_xtahua, uniq_margery
Vaults:4: hangedman_vaults_corner_blocks, nicolae_vaults_circle_grid_b,
          nicolae_vaults_windows_and_doors_thing, vaults_room_large_hall,
          ontoclasm_vaults_claustrophobia, ontoclasm_vaults_bender,
          hangedman_vaults_capsules, ontoclasm_vaults_ring_large,
          ontoclasm_vaults_twist, nicolae_vaults_little_squares_5,
          hangedman_vaults_maws, hangedman_vaults_impose,
          layout_vaults_maze_snakey, serial_shops, shop, uniq_zenata
Vaults:5
Crypt:1:  layout_rooms, grunt_crypt_arrival_guarded_gate, grunt_megastairs_4
Crypt:2:  layout_rooms, lightli_enter_wizlab_magi_temple, st_stairs_5
Crypt:3:  church_of_pain_bobbens, layout_chaotic_city,
          ebering_ghost_inner_flame, serial_sigils_hangedman_clutch
Depths:1: layout_big_octagon, hell_entry, nrook_uturn,
          serial_sigils_hangedman_scar, nrook_loot_triangle, minivault_15,
          slow_altar_1, serial_bayou_shore_b, uniq_mara
Depths:2: kennysheep_funnel, layout_basic, patterned_corridor, serial_shops,
          nicolae_shop_waterfront, rand_demon_pan_entry_3, hell_entry,
          infiniplex_staircase_pool_lava
Depths:3: grunt_twist_and_shout, layout_cave_pools, enter_ziggurat_f,
          hell_entry, nicolae_abyss_entry_one_way_or_another,
          ebering_dispersal_statue_hall
Depths:4: evilmike_zot_entry_argh, layout_gridlike,
          chequers_hall_statues_corner_a, pan_entry, abyss_entry_flame_altar,
          hell_entry
Hell
Zot:1:    ebering_greatest_show_in_zot, layout_misc_corridors,
          amethyst_zot_foddershock
Zot:2:    layout_onion
Zot:3:    lemuel_draconian_sentries, layout_misc_corridors, uniq_parghit
Zot:4:    layout_concentric_octagons
Zot:5:    layout_twisted_circle, st_stairs_1

Skill      XL: |  1  2  3  4  5  6  7  8  9 10 11 12 13 14 15 16 17 18 19 20 21 22 23 24 25 26 27 |
---------------+----------------------------------------------------------------------------------+-----
Stealth        | 6 7 9 11 13 14 15 17 19 20 21 24 | 24.6
Fighting       | 2 3 4 5 7 8 9 10 11 12 14 15 16 17 18 20 21 23 25 26 27 | 27.0
Throwing       | 2 3 5 |  5.2
Dodging        | 2 3 4 6 8 10 11 13 15 16 18 20 | 20.0
Short Blades   | 3 4 5 7 8 |  8.2
Shields        | 1 2 |  2.0
Armour         | 3 4 5 |  5.0
Evocations     | 3 6 8 10 11 13 14 | 14.3
Necromancy     | 2 8 11 14 16 18 20 21 23 | 23.1
Earth Magic    | 2 7 10 | 10.7
Spellcasting   | 9 10 14 15 | 15.0
Summonings     | 4 9 13 14 | 14.1

Action                   |  1- 3 |  4- 6 |  7- 9 | 10-12 | 13-15 | 16-18 | 19-21 | 22-24 | 25-27 || total
-------------------------+-------+-------+-------+-------+-------+-------+-------+-------+-------++-------
Melee: Dagger            |   101 |   126 |   225 |       |       |       |       |       |       ||   452
       Bite              |    10 |    11 |    45 |    77 |   155 |   241 |   329 |   677 |   468 ||  2013
       Punch             |       |     2 |       |       |       |       |       |       |       ||     2
       Pair of quick bla |       |       |    37 |   451 |  1069 |  1519 |  1864 |  3091 |  2126 || 10157
Throw: Dart              |       |       |     9 |     1 |       |       |       |     2 |       ||    12
 Cast: Death Channel     |       |       |       |       |       |       |     1 |     2 |       ||     3
       Lee's Rapid Decon |       |       |       |       |       |       |     3 |       |     5 ||     8
       Apportation       |       |       |       |       |       |       |       |     3 |       ||     3
       Haunt             |       |       |       |       |       |       |       |     6 |    57 ||    63
       Infestation       |       |       |       |       |       |       |       |     1 |    12 ||    13
       Borgnjor's Vile C |       |       |       |       |       |       |       |       |     3 ||     3
       Blink             |       |       |       |       |       |       |       |       |     1 ||     1
Invok: Lunge             |       |       |     3 |    54 |   129 |   132 |   148 |   245 |   158 ||   869
       Whirlwind         |       |       |       |    47 |   218 |   195 |   288 |   441 |   412 ||  1601
       Serpent's Lash    |       |       |       |       |     7 |     8 |    17 |    49 |    43 ||   124
       Heavenly Storm    |       |       |       |       |     1 |       |     1 |     1 |     4 ||     7
 Abil: End Transformatio |       |       |       |       |       |       |     1 |       |       ||     1
       Bat Form          |       |       |       |       |       |       |     1 |       |       ||     1
       Exsanguinate      |       |       |       |       |       |       |     1 |       |       ||     1
       Revivify          |       |       |       |       |       |       |     1 |       |       ||     1
       Wall Jump         |       |       |       |       |       |       |       |       |     1 ||     1
Evoke: Box of beasts     |       |       |       |       |       |     1 |     1 |     1 |       ||     3
       Condenser vane    |       |       |       |       |       |       |     1 |       |       ||     1
       Wand              |       |       |       |       |       |       |       |     2 |     3 ||     5
       Phantom mirror    |       |       |       |       |       |       |       |     1 |       ||     1
       Tin of tremorston |       |       |       |       |       |       |       |     1 |       ||     1
  Use: Scroll            |       |       |       |       |    21 |    11 |     6 |    22 |    11 ||    71
       Potion            |       |       |       |       |       |     2 |     1 |     6 |     5 ||    14
 Stab: Sleeping          |    15 |     6 |    16 |    21 |    57 |    53 |   107 |   106 |    38 ||   419
       Distracted        |       |     1 |     1 |     3 |     5 |    12 |    13 |    19 |    30 ||    84
       Confused          |       |       |       |       |       |     1 |       |     1 |       ||     2
Armor: Robe              |    14 |     7 |       |       |       |       |       |       |       ||    21
       Leather armour    |       |    28 |    46 |       |       |       |       |       |       ||    74
       Acid dragon scale |       |       |     2 |    32 |    76 |    43 |       |    45 |       ||   198
       Scale mail        |       |       |       |       |       |   125 |   114 |       |       ||   239
       Troll leather arm |       |       |       |       |       |       |    79 |   191 |   225 ||   495
       Skin              |       |       |       |       |       |       |       |     2 |       ||     2
Dodge: Dodged            |    44 |    83 |   128 |    70 |   296 |   489 |   531 |   951 |   824 ||  3416
       Repelled          |       |       |       |       |       |       |     6 |       |       ||     6
Block: Buckler           |       |     1 |    29 |       |       |       |       |       |       ||    30
